 Seeded DCSS version 0.27.0-65-ge2af304b15 (webtiles) character file.

Game seed: 2339979216251921566 (custom seed)

309 nicksoapdish the Chopper (level 6, -11/38 HPs)
             Began as a Gargoyle Fighter on Aug 18, 2021.
             Mangled by an ogre (29 damage)
             ... on level 5 of the Dungeon.
             The game lasted 00:07:06 (3272 turns).

nicksoapdish the Chopper (Gargoyle Fighter)         Turns: 3272, Time: 00:07:06

Health: -11/38     AC: 10    Str: 21    XL:     6   Next: 41%
Magic:  6/6        EV: 13    Int:  8    God:
Gold:   174        SH: 11    Dex: 10    Spells: 5/5 levels left

rFire    + + .     SeeInvis .   a - +0 war axe
rCold    + + .     Faith    .   r - +2 shield of Resistance {rF++ rC++ Will++}
rNeg     + . .     Spirit   .   k - +1 leather armour {Will+}
rPois    ∞         Reflect  .   (no helmet)
rElec    +         Harm     .   (no cloak)
rCorr    .         Rampage  .   (no gloves)
Will     +++..                  e - +0 pair of boots
Stlth    +.........             j - amulet of regeneration
HPRegen  1.12/turn              u - +4 ring of evasion
MPRegen  0.10/turn              (no ring)

@: no status effects
A: sickness immunity, AC +4, negative energy resistance 1, electricity
resistance, torment resistance 1, petrification resistance
a: no special abilities


You were on level 5 of the Dungeon.
You visited 1 branch of the dungeon, and saw 5 of its levels.

You collected 174 gold pieces.

Inventory:

Hand Weapons
 a - a +0 war axe (weapon)
 b - a +2 vorpal hunting sling
Missiles
 q - 35 stones (quivered)
Armour
 c - a +0 kite shield
 e - a +0 pair of boots (worn)
 h - a +0 ring mail
 k - a +1 leather armour of willpower (worn)
 p - a +0 scale mail
 r - the +2 shield of Resistance (worn) {rF++ rC++ Will++}
   (You found it on level 4 of the Dungeon)

   rF:        It greatly protects you from fire.
   rC:        It greatly protects you from cold.
   Will:      It greatly increases your willpower.
Jewellery
 j - an amulet of regeneration (around neck)
 l - an amulet of the acrobat
 u - a +4 ring of evasion (left hand)
Scrolls
 f - 2 scrolls of teleportation
 g - a scroll of vulnerability {unknown}
 i - a scroll of immolation {unknown}
 m - a scroll of enchant weapon {unknown}
 n - a scroll of blinking {unknown}
 t - a scroll of magic mapping {unknown}
 v - a scroll of torment {unknown}
Potions
 d - a potion of might
 o - a potion of cancellation
 s - a potion of berserk rage


   Skills:
 + Level 4.0 Fighting
 * Level 4.7 Axes
 + Level 3.9 Armour
 + Level 4.4 Shields


You had 5 spell levels left.
You didn't know any spells.
Your spell library contained the following spells:

 Spells                   Type           Power      Damage    Failure   Level
 Animate Skeleton         Necr           0%         N/A       89%         1
 Pain                     Necr           0%         1d4       89%         1
 Vampiric Draining        Necr           0%         2d6       99%         3
 Animate Dead             Necr           0%         N/A       100%        4
 Petrify                  Tmut/Erth      0%         N/A       100%        4
 Borgnjor's Vile Clutch   Necr/Erth      0%         N/A       100%        5
 Metabolic Englaciation   Hex/Ice        0%         N/A       100%        5
 Death Channel            Necr           0%         N/A       100%        6
 Statue Form              Tmut/Erth      Unusable   N/A       N/A         6

Dungeon Overview and Level Annotations

Branches:
Dungeon (5/15)
 Temple: D:4-7

Altars:
Cheibriados
Gozag


Innate Abilities, Weirdness & Mutations

You are immune to sickness and miasma.
Your stone body is resilient. (AC +4)
You are immune to poison.
You resist negative energy. (rN+)
You are resistant to electric shocks. (rElec)
You are resistant to unholy torment.
You are immune to petrification.


Message History

Found a stone staircase leading up.
f - 2 scrolls of teleportation (gained 1)
You now have 174 gold pieces (gained 11).
You open the door.
A howler monkey zombie comes into view.
An ogre comes into view. It is wielding a +0 giant club.
The ogre shouts!
There is an open door here.
b - a +2 vorpal hunting sling (weapon)
Fire: 37 stones
Press: ? - help, Q - select action Shift-Dir - straight line, f - howler monkey zombie
Aim: a howler monkey zombie (75% to hit)
You shoot a stone.
The stone hits the howler monkey zombie.
The howler monkey zombie is lightly damaged.
Fire: 36 stones
Press: ? - help, Q - select action Shift-Dir - straight line, f - ogre
Aim: an ogre, wielding a +0 giant club (75% to hit)
You shoot a stone. The stone closely misses the ogre.
a - a +0 war axe (weapon)
You slash the ogre!
The ogre is moderately wounded.
The ogre hits you with a +0 giant club!
You hit the ogre.
The ogre is heavily wounded.
The ogre hits you with a +0 giant club!
You hit the ogre.
The ogre is heavily wounded.
The ogre closely misses you.
You slash the ogre!
The ogre is almost dead.
You block the ogre's attack. The ogre closely misses you.
Your shield prevents you from hitting the ogre.
The ogre is almost dead.
The ogre hits you with a +0 giant club.
You hit the ogre.
The ogre is almost dead.
The ogre hits you with a +0 giant club!!
Ouch! That really hurt!
You die...

#.....##..##..#
#.....##..##..##...#
#......#......#....#
.......#......#....##
.......#......#.....+
########..##..##...#
##..##..##...##
.........#....# #
........ZO@..# #
..........#...# #
##..##(.##....+ ###
#(.####+## # ....# +
..O... # .......
......


You could see an ogre and a howler monkey zombie.

Vanquished Creatures
  An ice beast (D:5)
  An orc priest (D:5)
  An iguana (D:5)
  4 adders
  3 gnolls (D:3)
  A white imp (D:5)
  An ufetubus (D:4)
  A worm (D:3)
  2 dart slugs
  2 orcs (D:5)
  4 ball pythons
  6 bats
  11 endoplasms
  4 giant cockroaches
  9 goblins
  7 hobgoblins
  5 jackals
  3 kobolds
  2 quokkas
  4 frilled lizards
  3 rats
75 creatures vanquished.

Notes
Turn   | Place    | Note
-------+----------+-------------------------------------------
     0 | D:1      | nicksoapdish the Gargoyle Fighter began the quest for the
                  | Orb.
     0 | D:1      | Reached XP level 1. HP: 14/14 MP: 1/1
   124 | D:1      | Reached XP level 2. HP: 19/19 MP: 2/2
   457 | D:1      | Found a faded altar of an unknown god.
   904 | D:1      | Reached XP level 3. HP: 23/23 MP: 3/3
  1580 | D:2      | Reached XP level 4. HP: 29/29 MP: 4/4
  2055 | D:3      | Found an opulent altar of Gozag.
  2270 | D:3      | Reached XP level 5. HP: 31/33 MP: 5/5
  2295 | D:3      | Found a snail-covered altar of Cheibriados.
  2577 | D:4      | Found the +2 shield of Resistance {rF++ rC++ Will++}
  3127 | D:5      | Entered Level 5 of the Dungeon
  3153 | D:5      | Noticed an ice beast
  3173 | D:5      | Killed an ice beast
  3174 | D:5      | Reached XP level 6. HP: 38/38 MP: 6/6
  3272 | D:5      | Mangled by an ogre

Illustrated notes

Levels and vault maps discovered:
D:1:      dpeg_arrival_tiny_a, layout_loops_corners,
          ebering_ecumenical_altar_mist
D:2:      layout_basic
D:3:      layout_loops_ring, mainiacjoe_overflow_small_starburst,
          cheibriados_altar_1, minmay_misc_feat_diagonals
D:4:      layout_loops_ring
D:5:      layout_gridville, fedhas_altar_fruit_tree,
          minmay_temple_entry_stoned_glass, uniq_eustachio

Skill      XL: |  1  2  3  4  5 |
---------------+----------------+-----
Axes           | 2 3 4 |  4.7
Shields        | 4 |  4.4
Fighting       | 4 |  4.0
Armour         | |  3.9

Action                   |  1- 3 |  4- 6 || total
-------------------------+-------+-------++-------
Melee: War axe           |   102 |   123 ||   225
 Fire: Hunting sling     |       |     2 ||     2
  Use: Scroll            |     1 |     3 ||     4
Armor: Scale mail        |    51 |       ||    51
       Leather armour    |    18 |    43 ||    61
Dodge: Dodged            |    33 |    76 ||   109
Block: Kite shield       |    56 |    69 ||   125
